 Dungeon Crawl Stone Soup version 0.27.1-3-gb3d3a73c9e (webtiles) character file.

Game seed: 10542531281900167279

674 AZSletch the Chiller (level 7, 0/53 HPs)
             Began as a Merfolk Ice Elementalist on Oct 8, 2021.
             Slain by a sky beast (3 damage)
             ... on level 7 of the Dungeon.
             The game lasted 00:16:59 (5177 turns).

AZSletch the Chiller (Merfolk Ice Elementalist)     Turns: 5177, Time: 00:17:00

Health: 0/53       AC:  8    Str: 10    XL:     7   Next: 59%
Magic:  9/21       EV: 14    Int: 15    God:
Gold:   185        SH:  0    Dex: 14    Spells: 2/13 levels left

rFire    . . .     SeeInvis .   v - +0 spear (vorpal)
rCold    . . .     Faith    +   (no shield)
rNeg     . . .     Spirit   .   a - +0 robe
rPois    .         Reflect  .   (no helmet)
rElec    .         Harm     .   (no cloak)
rCorr    .         Rampage  .   (no gloves)
Will     .....                  (no boots)
Stlth    ++........             j - amulet of faith
HPRegen  0.17/turn              t - ring of magical power
MPRegen  0.17/turn              (no ring)

@: ice-armoured, freezing walls
A: (nimble swimmer 2), mertail
a: no special abilities


You were on level 7 of the Dungeon.
You visited 1 branch of the dungeon, and saw 7 of its levels.

You collected 185 gold pieces.

Inventory:

Hand Weapons
 b - a +0 short sword
 e - a +0 spear
 v - a +0 vorpal spear (weapon)
Missiles
 k - 5 boomerangs
Armour
 a - a +0 robe (worn)
 h - a +0 buckler
Jewellery
 j - an amulet of faith (around neck)
 t - a ring of magical power (left hand)
Scrolls
 g - a scroll of identify {unknown}
 i - a scroll of teleportation {unknown}
 n - a scroll of noise {unknown}
 p - a scroll of enchant armour {unknown}
 q - 2 scrolls of blinking {unknown}
 r - a scroll of holy word {unknown}
 s - a scroll of acquirement {unknown}
 u - a scroll of amnesia {unknown}
Potions
 c - a potion of haste {unknown}
 d - a potion of might {unknown}
 f - 2 potions of brilliance {unknown}
 l - a potion of cancellation {unknown}
 m - a potion of flight {unknown}
 o - 3 potions of curing {unknown}


   Skills:
 + Level 3.6 Fighting
 + Level 5.3 Dodging
 - Level 2.1 Stealth
 + Level 3.7 Spellcasting
 + Level 0.0 Conjurations
 * Level 7.1 Ice Magic


You had 2 spell levels left.
You knew the following spells:

 Your Spells              Type           Power      Damage    Failure   Level
a - Freeze                Ice            96%        1d11      1%          1
b - Frozen Ramparts       Ice            48%        1d6       3%          3
c - Ozocubu's Armour      Ice            24%        N/A       3%          3
d - Hailstorm             Conj/Ice       13%        3d5       38%         4

Your spell library contained the following spells:

 Spells                   Type           Power      Damage    Failure   Level
 Sting                    Tmut/Pois      8%         1d3       19%         1
 Corpse Rot               Necr/Air       N/A        N/A       28%         2
 Poisonous Vapours        Pois/Air       4%         N/A       28%         2
 Dispel Undead            Necr           2%         3d7       88%         4
 Olgreb's Toxic Radiance  Pois           2%         N/A       88%         4
 Death Channel            Necr           1%         N/A       100%        6


Dungeon Overview and Level Annotations

Branches:
Dungeon (7/15)
 Temple: D:4-7

Altars:
Hepliaklqana
Makhleb
Ru
Trog
Vehumet
Wu Jian
Xom

Shops:
D:3 =

Annotations:
D:2 Sigmund
D:4 Menkaure


Innate Abilities, Weirdness & Mutations

((You are quick and stealthy near water. (Stealth+, EV+, Speed+++)))
Your lower body shifts to a powerful aquatic tail in water.


Message History

The frozen ramparts melt away as you move.
The centaur zombie closely misses you. The centaur zombie misses you.
The centaur zombie hits you but does no damage.
The centaur zombie barely misses you.
The centaur zombie hits you but does no damage.
The centaur zombie kicks you.
* * * LOW HITPOINT WARNING * * *
There is a stone staircase leading down here.
The centaur zombie hits you.
* * * LOW HITPOINT WARNING * * *
The centaur zombie barely misses you.
You climb downwards.
Found a stone staircase leading down.
There is a stone staircase leading up here.
A killer bee zombie comes into view.
There is a stone staircase leading down here.
The sky beast barely misses you.
You climb downwards.
There is a stone staircase leading up here.
Casting: Frozen Ramparts (dangerous; 3% risk of failure)
Confirm with . or Enter, or press ? or * to list all spells.
A film of ice covers your body! The sky beast misses you.
Casting: Ozocubu's Armour (dangerous; 3% risk of failure)
Confirm with . or Enter, or press ? or * to list all spells.
Casting: Frozen Ramparts (dangerous; 3% risk of failure)
Press: ? - help, Dir - look around, f - activate A stone staircase leading up.
The walls around you are covered in ice.
The wall freezes the sky beast.
The sky beast hits you but does no damage.
The wall freezes the sky beast.
The sky beast hits you.
* * * LOW HITPOINT WARNING * * *
The sky beast shocks you.
* * * LOW HITPOINT WARNING * * *
The wall freezes the sky beast.
The sky beast hits you but does no damage.
You barely miss the sky beast.
The sky beast is moderately wounded.
The wall freezes the sky beast.
The sky beast hits you.
You die...

###
#..
#.#
#.#
#.#
#Y#
#@#
###


You could see a sky beast.

Vanquished Creatures
  An ogre (D:4)
  A necrophage (D:5)
  3 scorpions (D:5)
  A hound (D:4)
  2 iguanas
  13 gnolls
  5 adders
  An ufetubus (D:3)
  A worm (D:3)
  2 dart slugs
  6 orcs
  5 ball pythons
  4 bats
  8 endoplasms
  A giant cockroach (D:4)
  5 goblins
  2 hobgoblins
  3 jackals (D:1)
  3 quokkas
  A frilled lizard (D:2)
  6 kobolds
  A rat (D:2)
75 creatures vanquished.

Notes
Turn   | Place    | Note
-------+----------+-------------------------------------------
     0 | D:1      | AZSletch the Merfolk Ice Elementalist began the quest for
                  | the Orb.
     0 | D:1      | Reached XP level 1. HP: 13/13 MP: 3/3
    78 | D:1      | Found a faded altar of an unknown god.
   211 | D:1      | Reached XP level 2. HP: 15/20 MP: 5/5
   628 | D:1      | Reached skill level 1 in Fighting
   639 | D:1      | Reached XP level 3. HP: 19/26 MP: 1/6
   643 | D:1      | Learned a level 3 spell: Frozen Ramparts
   792 | D:2      | Noticed Sigmund
  1107 | D:2      | Found a shimmering altar of Xom.
  1709 | D:2      | Reached skill level 5 in Ice Magic
  2073 | D:3      | Found a bloodstained altar of Trog.
  2073 | D:3      | Found a burning altar of Makhleb.
  2074 | D:3      | Found a hazy altar of Hepliaklqana.
  2081 | D:3      | Found a radiant altar of Vehumet.
  2081 | D:3      | Found a sacrificial altar of Ru.
  2091 | D:3      | Reached XP level 4. HP: 26/32 MP: 7/7
  2095 | D:3      | Learned a level 3 spell: Ozocubu's Armour
  2220 | D:3      | Found Buavoato's Jewellery Boutique.
  2588 | D:3      | Found an ornate altar of the Wu Jian Council.
  2839 | D:4      | Noticed Menkaure
  3011 | D:4      | Reached XP level 5. HP: 27/38 MP: 5/9
  4050 | D:5      | Entered Level 5 of the Dungeon
  4060 | D:4      | Reached skill level 6 in Ice Magic
  4060 | D:4      | Reached XP level 6. HP: 16/46 MP: 10/10
  4529 | D:5      | Noticed a necrophage
  4541 | D:5      | Killed a necrophage
  4542 | D:5      | Reached XP level 7. HP: 51/52 MP: 9/12
  4573 | D:5      | Reached skill level 5 in Dodging
  4961 | D:5      | Reached skill level 7 in Ice Magic
  4984 | D:5      | Learned a level 4 spell: Hailstorm
  5177 | D:7      | Slain by a sky beast

Illustrated notes

Levels and vault maps discovered:
D:1:      sevenhm_arrival_forest_fort_small_6, layout_rooms,
          hellmonk_ecumenical_altar_slurped_away
D:2:      layout_basic, basic_altar, uniq_sigmund
D:3:      layout_loops_ring, mainiacjoe_overflow_catwalk,
          grunt_temple_overflow_open, serial_shops, nicolae_shop_trees,
          fountainhead
D:4:      layout_loops_ring, uniq_menkaure
D:5:      minmay_inner_zag, layout_rooms
D:6:      layout_rooms, okawaru_metal_pillars_3
D:7:      cheibrodos_helix_gallery, layout_basic, minmay_temple_entry_junction

Skill      XL: |  1  2  3  4  5  6  7 |
---------------+----------------------+-----
Dodging        | 3 4 5 |  5.3
Fighting       | 1 2 3 |  3.6
Ice Magic      | 5 6 7 |  7.1
Spellcasting   | 3 |  3.7
Stealth        | |  2.1

Action                   |  1- 3 |  4- 6 |  7- 9 || total
-------------------------+-------+-------+-------++-------
Melee: Short sword       |    80 |    26 |       ||   106
       Spear             |       |     4 |    11 ||    15
 Cast: Freeze            |    24 |    32 |     7 ||    63
       Frozen Ramparts   |       |    13 |     8 ||    21
       Ozocubu's Armour  |       |     3 |     5 ||     8
 Stab: Sleeping          |     3 |       |       ||     3
Armor: Robe              |    21 |     9 |    13 ||    43
Dodge: Dodged            |    72 |    58 |    39 ||   169
